 Dungeon Crawl Stone Soup version 0.22-a0-162-g33bf127 (console) character file.

55 Moorlo the Skirmisher (level 4, -2/37 HPs)
             Began as a Formicid Fighter on Feb 12, 2018.
             Slain by Grinder (5 damage)
             ... on level 3 of the Dungeon.
             The game lasted 00:06:50 (1518 turns).

Moorlo the Skirmisher (Formicid Fighter)            Turns: 1518, Time: 00:06:51

Health: -2/37      AC:  6    Str: 27    XL:     4   Next: 14%
Magic:  4/4        EV:  6    Int:  7    God:
Gold:   152        SH: 15    Dex: 10    Spells: 3/3 levels left

rFire    . . .     SeeInvis +   a - +0 quarterstaff
rCold    . . .     Gourm    .   q - +0 large shield
rNeg     . . .     Faith    .   b - +0 scale mail
rPois    .         Spirit   .   (helmet unavailable)
rElec    .         Reflect  .   (no cloak)
rCorr    .         Harm     .   (no gloves)
MR       .....                  (no boots)
Stlth    ..........             (no amulet)
HPRegen  0.12/turn              (no ring)
MPRegen  0.09/turn              (no ring)

@: mighty
A: permanent stasis, dig shafts and tunnels, four strong arms, antennae 3
a: Dig, Shaft Self


You were on level 3 of the Dungeon.
You were not hungry.

You visited 1 branch of the dungeon, and saw 3 of its levels.

You collected 152 gold pieces.

Inventory:

Hand Weapons
 a - a +0 quarterstaff (weapon)
Armour
 b - a +0 scale mail (worn)
 c - a +0 shield
 q - a +0 large shield (worn)
Scrolls
 g - 8 scrolls of identify {unknown}
 j - a scroll of magic mapping {unknown}
 m - a scroll of noise {unknown}
 n - a scroll of fog {unknown}
 o - a scroll of teleportation {unknown}
 p - a scroll of blinking {unknown}
 s - a scroll of remove curse {unknown}
 u - a scroll of amnesia {unknown}
 v - a scroll of random uselessness {unknown}
Potions
 e - a potion of berserk rage {unknown}
 h - 2 potions of ambrosia {unknown}
 i - a potion of heal wounds {unknown}
 k - a potion of agility {unknown}
 l - 3 potions of curing {unknown}
 r - a potion of flight {unknown}
 t - a potion of resistance {unknown}
 x - a potion of haste {unknown}
Comestibles
 f - 5 rations
 w - a chunk of flesh


   Skills:
 + Level 4.0 Fighting
 * Level 3.5 Staves
 - Level 3.2 Armour
 - Level 3.6 Shields


You had 3 spell levels left.
You didn't know any spells.

Dungeon Overview and Level Annotations

Branches:
Dungeon (3/15)

Altars:

Annotations:
D:3 Grinder


Innate Abilities, Weirdness & Mutations

You cannot be hasted, slowed, berserked, paralysed or teleported.
You can dig through walls and to a lower floor.
Your four strong arms can wield two-handed weapons with a shield.
You have a pair of large antennae on your head. (SInv)


Message History

Grinder gestures at you.
Your stasis prevents you from being paralysed.
You closely miss Grinder.
Grinder is moderately wounded.
Grinder hits you.
You writhe in agony.
You thump Grinder!
Grinder is heavily wounded.
You block Grinder's attack. Grinder hits you.
* * * LOW HITPOINT WARNING * * *
You writhe in agony.
* * * LOW HITPOINT WARNING * * *
You feel very mighty all of a sudden. You block Grinder's attack.
You closely miss Grinder.
Grinder is heavily wounded.
Grinder says, "Don't move a muscle."
Grinder hits you.
* * * LOW HITPOINT WARNING * * *
You writhe in agony.
You die...

#.......####..#
#########...#
##.#
............# #..
##########..# ##.
..........######)
.########.##.....
#.......##.###.
##+##.####### #.
#.....# #.
#.5...###### ##
#.@.........
#.....######
#.....# +.....#
#.....# #.....# {
#######


You could see Grinder.

Vanquished Creatures
  An adder (D:2)
  A worm (D:2)
  A dart slug (D:1)
  2 leopard geckos
  7 bats
  A giant cockroach (D:3)
  4 goblins (D:1)
  4 hobgoblins
  6 jackals (D:1)
  5 kobolds
  3 rats
35 creatures vanquished.

Notes
Turn   | Place    | Note
-------+----------+-------------------------------------------
     0 | D:1      | Moorlo the Formicid Fighter began the quest for the Orb.
     0 | D:1      | Reached XP level 1. HP: 18/18 MP: 1/1
    84 | D:1      | Reached XP level 2. HP: 19/24 MP: 2/2
   394 | D:1      | Reached XP level 3. HP: 29/30 MP: 3/3
  1233 | D:2      | Reached XP level 4. HP: 37/37 MP: 4/4
  1431 | D:3      | Reached skill level 4 in Fighting
  1497 | D:3      | Noticed Grinder
  1518 | D:3      | Slain by Grinder

Vault maps used:
D:1:      dpeg_arrival_refuge
D:2:      first_ration
D:3:      uniq_ijyb, uniq_grinder

Skill      XL: |  1  2  3  4 |
---------------+-------------+-----
Staves         | 3 |  3.5
Fighting       | 4 |  4.0
Armour         | |  3.2
Shields        | |  3.6

Action                   |  1- 3 |  4- 6 || total
-------------------------+-------+-------++-------
Melee: Quarterstaff      |    96 |    30 ||   126
 Abil: Dig               |       |     1 ||     1
  Use: Potion            |       |     1 ||     1
  Eat: Chunk             |     1 |     1 ||     2
Armor: Scale mail        |    34 |    23 ||    57
Dodge: Dodged            |    17 |    13 ||    30
Block: Shield            |    39 |       ||    39
       Large shield      |    11 |    37 ||    48

Table legend:
 A = Spawn XP
 B = Non-spawn XP
 C = Spawn XP percentage of total XP
 D = Spawn monster count
 E = Non-spawn monster count
 F = Spawn count percentage of total count
 G = Total turns spent on level
                    A         B        C        D         E        F      G
               +---------+---------+-------+---------+---------+-------+---------
         Total |       0 |      79 |   0.0 |       0 |      35 |   0.0 |  1518
               +---------+---------+-------+---------+---------+-------+---------
           D:1 |       0 |      43 |   0.0 |       0 |      22 |   0.0 |   625
           D:2 |       0 |      26 |   0.0 |       0 |       8 |   0.0 |   791
           D:3 |       0 |      10 |   0.0 |       0 |       5 |   0.0 |   102
               +---------+---------+-------+---------+---------+-------+---------
